SAN JOSE vs BOSTON

Created - March-09-21 at 16:50

Goals
1 2 3 T
SAN JOSE 2 0 1 3
BOSTON 4 0 2 6
Shots
1 2 3 T
SAN JOSE 12 7 5 24
BOSTON 12 8 13 33

1st period

1. SAN JOSE , Ryan Pulock 6 (Kevin Hayes 20) at 0:10
2. BOSTON , Kevin Fiala 7 (Reilly Smith 15, Ivan Provorov 17) at 4:40 (PP)
3. BOSTON , Filip Hronek 5 (Ivan Barbashev 14, Alec Martinez 14) at 16:07
4. BOSTON , Kevin Fiala 8 (Ivan Provorov 18, Miro Heiskanen 13) at 18:04
5. SAN JOSE , Rickard Rakell 8 (Jakob Silfverberg 13, Paul Stastny 13) at 18:39
6. BOSTON , Reilly Smith 11 (Philippe Myers 11, Juuso Valimaki 12) at 19:32

Penalties :
Braydon Coburn (SJ ) for Hooking (Minor) at 4:26, Chris Kreider (SJ ) for Holding (Minor) at 13:37

2nd period

No Goal

Penalties :
Jesper Fast (SJ ) for Cross-checking (Minor) at 19:25

3rd period

7. BOSTON , Reilly Smith 12 (Philippe Myers 12, Juuso Valimaki 13) at 2:52
8. SAN JOSE , Chris Kreider 16 (Kevin Hayes 21, Ryan Pulock 26) at 15:04
9. BOSTON , Ivan Provorov 8 (Kevin Fiala 8, Reilly Smith 16) at 19:41

Penalties :
No Penalty

Goalie Stats

Jake Allen (SJ ), 27 saves from 33 shots - (0.818), L, 18-15-1, 60:00 minutes
Thatcher Demko (BOS), 21 saves from 24 shots - (0.875), W, 4-2-1, 60:00 minutes

Players Stats for SAN JOSE

Player Name              G  A  P  +/- PIM S  H  SB GA TA FO     MP     PP MP  PK MP  
------------------------------------------------------------------------------------
Brandon Montour          0  0  0  -2  0   0  2  1  0  0  0/0    20:39   0:00   1:46 
Braydon Coburn           0  0  0   0  2   0  0  1  0  0  0/0    15:55   0:00   0:00 
Brian Boyle              0  0  0   0  0   0  4  0  0  0  0/1    14:23   0:00   0:45 
Chris Kreider            1  0  1  -2  2   4  1  0  0  0  6/8    19:32   0:00   1:44 
Cody Ceci                0  0  0  -2  0   0  0  0  0  0  0/0    20:39   0:00   1:46 
Corey Perry              0  0  0  -1  0   0  0  0  0  0  1/1     7:50   0:00   0:00 
David Savard             0  0  0   0  0   0  2  2  0  0  0/0    23:25   0:00   2:26 
Dustin Brown             0  0  0  -2  0   1  0  0  0  0  0/3    18:36   0:00   0:47 
Jakob Silfverberg        0  1  1   1  0   2  0  1  0  0  1/3    17:18   0:00   0:47 
Jesper Fast              0  0  0   0  2   2  2  0  0  0  2/2    14:23   0:00   0:46 
Jon Merrill              0  0  0   0  0   1  1  0  0  0  0/0    15:56   0:00   0:00 
Jordan Weal              0  0  0   0  0   0  0  0  0  0  0/0     0:00   0:00   0:00 
Kevin Hayes              0  2  2  -2  0   3  0  0  0  0  13/23  20:29   0:00   2:40 
Lucas Wallmark           0  0  0  -1  0   0  1  0  0  0  3/10    8:45   0:00   0:55 
Paul Stastny             0  1  1   1  0   2  1  0  0  0  9/19   16:31   0:00   0:00 
Rickard Rakell           1  0  1   1  0   5  2  0  0  0  0/0    16:31   0:00   0:00 
Ryan Carpenter           0  0  0  -1  0   0  1  0  0  0  0/0     7:50   0:00   0:00 
Ryan Dzingel             0  0  0   0  0   3  1  0  0  0  1/14   13:38   0:00   0:00 
Ryan Pulock              1  1  2   0  0   1  2  1  0  0  0/0    23:25   0:00   2:26 
Stefan Noesen            0  0  0   0  0   0  0  0  0  0  0/0     0:00   0:00   0:00 

Players Stats for BOSTON

Player Name              G  A  P  +/- PIM S  H  SB GA TA FO     MP     PP MP  PK MP  
------------------------------------------------------------------------------------
Alec Martinez            0  1  1   1  0   2  1  0  0  0  0/0    20:12   1:24   0:00 
Aleksi Saarela           0  0  0   0  0   0  0  0  0  0  0/0     0:00   0:00   0:00 
Alexandre Texier         0  0  0   0  0   0  1  0  0  0  3/6     5:20   0:00   0:00 
Andrew Mangiapane        0  0  0   0  0   5  0  0  0  0  0/0    16:16   0:00   0:00 
Blake Comeau             0  0  0   0  0   0  2  0  0  0  2/2    19:47   1:56   0:00 
Casey Mittelstadt        0  0  0   0  0   5  0  0  0  0  16/25  16:16   0:00   0:00 
Filip Hronek             1  0  1   1  0   2  5  1  0  0  0/0    20:12   1:24   0:00 
Ilya Kovalchuk           0  0  0   0  0   0  1  0  0  0  0/0    19:47   1:56   0:00 
Ivan Barbashev           0  1  1   0  0   1  1  1  0  0  11/22  19:47   1:56   0:00 
Ivan Provorov            1  2  3   0  0   1  0  1  0  0  0/0    24:54   2:48   0:00 
Juuso Valimaki           0  2  2   1  0   0  2  0  0  0  0/0    14:54   0:00   0:00 
Kevin Fiala              2  1  3   2  0   3  0  0  0  0  0/1    18:37   2:16   0:00 
Miles Wood               0  0  0   0  0   1  7  0  0  0  1/1    16:16   0:00   0:00 
Miro Heiskanen           0  1  1   0  0   2  1  2  0  0  0/0    24:54   2:48   0:00 
Nicolas Roy              0  0  0   0  0   0  0  0  0  0  0/0     0:57   0:22   0:00 
Philippe Myers           0  2  2   1  0   1  3  3  0  0  0/0    14:54   0:00   0:00 
Reilly Smith             2  2  4   2  0   6  1  1  0  0  1/3    23:00   1:54   0:00 
Victor Olofsson          0  0  0   0  0   0  0  0  0  0  0/1     5:20   0:00   0:00 
William Nylander         0  0  0   2  0   4  1  0  0  0  14/23  18:37   2:16   0:00 

3 Stars

1 - Reilly Smith (BOS)
2 - Kevin Fiala (BOS)
3 - Ivan Provorov (BOS)

Power Play

SAN JOSE - 0 on 0 Attempt(s) - 0.00%
BOSTON - 1 on 3 Attempt(s) - 33.33%

Penalty Kill

SAN JOSE - 2 on 3 Attempt(s) - 66.67% - Score 0 goal in Penalty Kill
BOSTON - 0 on 0 Attempt(s) - 0.00% - Score 0 goal in Penalty Kill

Team Stat

SAN JOSE - Hits : 20 - Faceoff Wins : 36 - Blocked Shots : 6 - Penalty Minutes : 6
BOSTON - Hits : 26 - Faceoff Wins : 48 - Blocked Shots : 9 - Penalty Minutes : 0

Official

Referees : Mike Duco and Francis Charron
Linesman : Kory Nagy and Shaun Morgan

Game Notes

No Game Note

Finance

Level 1 -- Attendance: 5315 (88.58%) -- Ticket Income $425,200
Level 2 -- Attendance: 4580 (91.60%) -- Ticket Income $251,900
Level 3 -- Attendance: 1802 (90.10%) -- Ticket Income $63,070
Level 4 -- Attendance: 3610 (90.25%) -- Ticket Income $61,370
Luxury Box -- Attendance: 900 (90.00%) -- Ticket Income $162,000
Game was played at the TD Garden.
Total Attendance: 16207 (90.04%)
Total Ticket Income: $963,540
Total Income: $963,540

SAN JOSE

5 vs 5 Forward 
   Center                   Left Wing                Right Wing               Time % Phy DF OF 
 1 Kevin Hayes              Chris Kreider            Dustin Brown             35     1   2  2  
 2 Paul Stastny             Rickard Rakell           Jakob Silfverberg        30     1   2  2  
 3 Ryan Dzingel             Brian Boyle              Jesper Fast              25     1   2  2  
 4 Lucas Wallmark           Ryan Carpenter           Corey Perry              10     1   2  2  

5 vs 5 Defense 
   Defense                  Defense                                           Time % Phy DF OF 
 1 David Savard             Ryan Pulock                                       35     1   2  2  
 2 Cody Ceci                Brandon Montour                                   30     1   2  2  
 3 Jon Merrill              Braydon Coburn                                    25     1   2  2  
 4 David Savard             Ryan Pulock                                       10     1   2  2  

PowerPlay Forward 
   Center                   Left Wing                Right Wing               Time % Phy DF OF 
 1 Kevin Hayes              Chris Kreider            Dustin Brown             60     1   2  2  
 2 Paul Stastny             Rickard Rakell           Jakob Silfverberg        40     1   2  2  

PowerPlay Defense
   Defense                  Defense                                           Time % Phy DF OF 
 1 David Savard             Ryan Pulock                                       60     1   2  2  
 2 Cody Ceci                Brandon Montour                                   40     1   2  2  

Penalty Kill 4 Players Forward 
   Center                   Wing                     Time % Phy DF OF 
 1 Chris Kreider            Kevin Hayes              60     1   2  2  
 2 Dustin Brown             Jakob Silfverberg        40     1   2  2  

Penalty Kill 4 Players Defense
   Defense                  Defense                  Time % Phy DF OF 
 1 David Savard             Ryan Pulock              60     1   2  2  
 2 Cody Ceci                Brandon Montour          40     1   2  2  

Penalty Kill - 3 Players Forward 
   Forward                                           Time % Phy DF OF 
 1 Chris Kreider                                     60     1   2  2  
 2 Kevin Hayes                                       40     1   2  2  

Penalty Kill - 3 Players Defense
   Defense                  Defense                  Time % Phy DF OF 
 1 David Savard             Ryan Pulock              60     1   2  2  
 2 Cody Ceci                Brandon Montour          40     1   2  2  

4 vs 4 Forward 
   Center                   Wing                     Time % Phy DF OF 
 1 Chris Kreider            Kevin Hayes              60     1   2  2  
 2 Dustin Brown             Jakob Silfverberg        40     1   2  2  

4 vs 4 Defense
   Defense                  Defense                  Time % Phy DF OF 
 1 David Savard             Ryan Pulock              60     1   2  2  
 2 Cody Ceci                Brandon Montour          40     1   2  2  

Last Minutes Offensive
   Center                   Left Wing                Right Wing               Defense                  Defense                  
   Kevin Hayes              Chris Kreider            Dustin Brown             David Savard             Ryan Pulock              

Last Minutes Defensive
   Center                   Left Wing                Right Wing               Defense                  Defense                  
   Kevin Hayes              Chris Kreider            Dustin Brown             David Savard             Ryan Pulock              

Goaltenders
Starting : Jake Allen               
Backup : Edward Pasquale          

Extra Forwards
Normal : Stefan Noesen, Jordan Weal, Jesper Fast - PP : Stefan Noesen, Jordan Weal - PK : Jesper Fast
Extra Defensemen
Normal : Jon Merrill, Braydon Coburn, Cody Ceci - PP : Jon Merrill - PK : Braydon Coburn, Cody Ceci
Penalty Shots
Chris Kreider, Kevin Hayes, Dustin Brown, Jakob Silfverberg, Rickard Rakell

Scratches
SJ Cap Hit (Suspend), Danny DeKeyser (Healthy)

BOSTON

5 vs 5 Forward 
   Center                   Left Wing                Right Wing               Time % Phy DF OF 
 1 William Nylander         Reilly Smith             Kevin Fiala              35     1   2  2  
 2 Ivan Barbashev           Ilya Kovalchuk           Blake Comeau             30     1   2  2  
 3 Casey Mittelstadt        Andrew Mangiapane        Miles Wood               25     1   2  2  
 4 Alexandre Texier         Victor Olofsson          Reilly Smith             10     1   2  2  

5 vs 5 Defense 
   Defense                  Defense                                           Time % Phy DF OF 
 1 Ivan Provorov            Miro Heiskanen                                    35     1   2  2  
 2 Alec Martinez            Filip Hronek                                      30     1   2  2  
 3 Philippe Myers           Juuso Valimaki                                    25     1   2  2  
 4 Ivan Provorov            Miro Heiskanen                                    10     1   2  2  

PowerPlay Forward 
   Center                   Left Wing                Right Wing               Time % Phy DF OF 
 1 William Nylander         Reilly Smith             Kevin Fiala              60     1   2  2  
 2 Ivan Barbashev           Ilya Kovalchuk           Blake Comeau             40     1   2  2  

PowerPlay Defense
   Defense                  Defense                                           Time % Phy DF OF 
 1 Ivan Provorov            Miro Heiskanen                                    60     1   2  2  
 2 Alec Martinez            Filip Hronek                                      40     1   2  2  

Penalty Kill 4 Players Forward 
   Center                   Wing                     Time % Phy DF OF 
 1 Reilly Smith             William Nylander         60     1   2  2  
 2 Kevin Fiala              Ilya Kovalchuk           40     1   2  2  

Penalty Kill 4 Players Defense
   Defense                  Defense                  Time % Phy DF OF 
 1 Ivan Provorov            Miro Heiskanen           60     1   2  2  
 2 Alec Martinez            Filip Hronek             40     1   2  2  

Penalty Kill - 3 Players Forward 
   Forward                                           Time % Phy DF OF 
 1 Reilly Smith                                      60     1   2  2  
 2 William Nylander                                  40     1   2  2  

Penalty Kill - 3 Players Defense
   Defense                  Defense                  Time % Phy DF OF 
 1 Ivan Provorov            Miro Heiskanen           60     1   2  2  
 2 Alec Martinez            Filip Hronek             40     1   2  2  

4 vs 4 Forward 
   Center                   Wing                     Time % Phy DF OF 
 1 Reilly Smith             William Nylander         60     1   2  2  
 2 Kevin Fiala              Ilya Kovalchuk           40     1   2  2  

4 vs 4 Defense
   Defense                  Defense                  Time % Phy DF OF 
 1 Ivan Provorov            Miro Heiskanen           60     1   2  2  
 2 Alec Martinez            Filip Hronek             40     1   2  2  

Last Minutes Offensive
   Center                   Left Wing                Right Wing               Defense                  Defense                  
   William Nylander         Reilly Smith             Kevin Fiala              Ivan Provorov            Miro Heiskanen           

Last Minutes Defensive
   Center                   Left Wing                Right Wing               Defense                  Defense                  
   William Nylander         Reilly Smith             Kevin Fiala              Ivan Provorov            Miro Heiskanen           

Goaltenders
Starting : Thatcher Demko           
Backup : Martin Jones             

Extra Forwards
Normal : Nicolas Roy, Aleksi Saarela, Andrew Mangiapane - PP : Nicolas Roy, Aleksi Saarela - PK : Andrew Mangiapane
Extra Defensemen
Normal : Philippe Myers, Juuso Valimaki, Alec Martinez - PP : Philippe Myers - PK : Juuso Valimaki, Alec Martinez
Penalty Shots
Reilly Smith, William Nylander, Kevin Fiala, Ilya Kovalchuk, Blake Comeau

Scratches
Filip Zadina (Healthy), BOS Cap Hit (Suspend), Robert Hagg (Healthy), Charlie Lindgren (Healthy)

% Time on Ice - SAN JOSE

Lines # - Real PCT - Wanted PCT - Time Play
Normal Forward
1 - 32% - 35% - 17:49
2 - 30% - 30% - 16:31
3 - 24% - 25% - 13:38
4 - 14% - 10% - 7:50
Normal Defense
1 - 32% - 35% - 17:38
2 - 34% - 30% - 18:53
3 - 29% - 25% - 15:56
4 - 6% - 10% - 3:21
PP Forward
1 - 0% - 60%
2 - 0% - 40%
PP Defense
1 - 0% - 60%
2 - 0% - 40%
PK Forward
1 - 81% - 60% - 3:25
2 - 19% - 40% - 0:47
PK Defense
1 - 58% - 60% - 2:26
2 - 42% - 40% - 1:46
PK3 Forward
1 - 0% - 60%
2 - 0% - 40%
PK3 Defense
1 - 0% - 60%
2 - 0% - 40%
44 Forward
1 - 0% - 60%
2 - 0% - 40%
44 Defense
1 - 0% - 60%
2 - 0% - 40%
Last Minute Offensive  - 0:00
Last Minute Defensive  - 0:00
Total
Forward - 60:00
Defense - 60:00

% Time on Ice - BOSTON

Lines # - Real PCT - Wanted PCT - Time Play
Normal Forward
1 - 29% - 35% - 16:21
2 - 32% - 30% - 17:51
3 - 29% - 25% - 16:16
4 - 10% - 10% - 5:20
Normal Defense
1 - 33% - 35% - 18:10
2 - 34% - 30% - 18:48
3 - 27% - 25% - 14:54
4 - 7% - 10% - 3:56
PP Forward
1 - 54% - 60% - 2:16
2 - 46% - 40% - 1:56
PP Defense
1 - 67% - 60% - 2:48
2 - 33% - 40% - 1:24
PK Forward
1 - 0% - 60%
2 - 0% - 40%
PK Defense
1 - 0% - 60%
2 - 0% - 40%
PK3 Forward
1 - 0% - 60%
2 - 0% - 40%
PK3 Defense
1 - 0% - 60%
2 - 0% - 40%
44 Forward
1 - 0% - 60%
2 - 0% - 40%
44 Defense
1 - 0% - 60%
2 - 0% - 40%
Last Minute Offensive  - 0:00
Last Minute Defensive  - 0:00
Total
Forward - 60:00
Defense - 60:00

Play-by-Play

1st period


0:01 of 1st period - Kevin Hayes wins face-off versus William Nylander in neutral zone.
0:08 of 1st period - Shot by Kevin Hayes.
0:08 of 1st period - Shot Blocked by Reilly Smith.
0:10 of 1st period - Shot by Ryan Pulock.
0:10 of 1st period - Goal by Ryan Pulock - SAN JOSE : 1 - BOSTON : 0.
0:11 of 1st period - Ivan Barbashev wins face-off versus Paul Stastny in neutral zone.
0:16 of 1st period - Shot by Ivan Barbashev.
0:16 of 1st period - Shot Blocked by Jakob Silfverberg.
0:22 of 1st period - Alec Martinez is hit by Rickard Rakell and loses puck.
0:27 of 1st period - Shot by Jakob Silfverberg.
0:27 of 1st period - Shot Misses the Net.
0:29 of 1st period - Shot by Brandon Montour.
0:29 of 1st period - Shot Blocked by Ivan Barbashev.
1:09 of 1st period - Icing by Jon Merrill.
1:10 of 1st period - Casey Mittelstadt wins face-off versus Brian Boyle in SAN JOSE zone.
1:19 of 1st period - Shot by Miles Wood.
1:19 of 1st period - Stopped by Jake Allen without a rebound.
1:20 of 1st period - Kevin Hayes wins face-off versus William Nylander in SAN JOSE zone.
2:03 of 1st period - Icing by Ryan Pulock.
2:04 of 1st period - Chris Kreider wins face-off versus Casey Mittelstadt in SAN JOSE zone.
2:04 of 1st period - Chris Kreider is hit by Miles Wood.
2:07 of 1st period - Icing by Dustin Brown.
2:08 of 1st period - Kevin Hayes wins face-off versus Casey Mittelstadt in SAN JOSE zone.
2:46 of 1st period - Jon Merrill is hit by Miles Wood and loses puck.
3:04 of 1st period - Shot by Ryan Dzingel.
3:04 of 1st period - Shot Misses the Net.
3:06 of 1st period - Shot by Jon Merrill.
3:06 of 1st period - Shot Misses the Net.
3:08 of 1st period - Shot by Ryan Dzingel.
3:08 of 1st period - Stopped by Thatcher Demko without a rebound.
3:09 of 1st period - Alexandre Texier wins face-off versus Lucas Wallmark in BOSTON zone.
4:26 of 1st period - Minor Penalty to Braydon Coburn for Hooking.
4:27 of 1st period - Chris Kreider wins face-off versus Reilly Smith in SAN JOSE zone.
4:40 of 1st period - Shot by Reilly Smith.
4:40 of 1st period - Deflect By Kevin Fiala.
4:40 of 1st period - Goal by Kevin Fiala - SAN JOSE : 1 - BOSTON : 1.
4:41 of 1st period - Casey Mittelstadt wins face-off versus Paul Stastny in neutral zone.
4:41 of 1st period - Casey Mittelstadt is hit by Rickard Rakell.
4:47 of 1st period - Icing by Jon Merrill.
4:48 of 1st period - Paul Stastny wins face-off versus Ivan Barbashev in SAN JOSE zone.
4:48 of 1st period - Paul Stastny is hit by Ivan Barbashev.
5:02 of 1st period - Shot by Rickard Rakell.
5:02 of 1st period - Stopped by Thatcher Demko with a rebound.
5:07 of 1st period - Jakob Silfverberg is hit by Filip Hronek and loses puck.
5:21 of 1st period - Jakob Silfverberg is hit by Filip Hronek and loses puck.
6:20 of 1st period - William Nylander is hit by Ryan Pulock and loses puck.
6:25 of 1st period - Shot by Reilly Smith.
6:25 of 1st period - Stopped by Jake Allen without a rebound.
6:26 of 1st period - Kevin Hayes wins face-off versus Casey Mittelstadt in SAN JOSE zone.
6:26 of 1st period - Kevin Hayes is hit by Miles Wood.
7:32 of 1st period - Rickard Rakell is hit by Philippe Myers and loses puck.
7:39 of 1st period - Shot by Rickard Rakell.
7:39 of 1st period - Shot Blocked by Philippe Myers.
7:41 of 1st period - Shot by Paul Stastny.
7:41 of 1st period - Stopped by Thatcher Demko without a rebound.
7:42 of 1st period - William Nylander wins face-off versus Lucas Wallmark in BOSTON zone.
7:57 of 1st period - Miro Heiskanen is hit by Lucas Wallmark and loses puck.
8:54 of 1st period - Paul Stastny is hit by Filip Hronek and loses puck.
9:03 of 1st period - Shot by Paul Stastny.
9:03 of 1st period - Stopped by Thatcher Demko with a rebound.
9:15 of 1st period - Shot by Rickard Rakell.
9:15 of 1st period - Stopped by Thatcher Demko with a rebound.
10:01 of 1st period - Shot by Kevin Hayes.
10:01 of 1st period - Stopped by Thatcher Demko with a rebound.
10:25 of 1st period - Juuso Valimaki is hit by Jesper Fast.
11:15 of 1st period - Icing by Ivan Provorov.
11:16 of 1st period - Casey Mittelstadt wins face-off versus Paul Stastny in BOSTON zone.
12:27 of 1st period - Shot by Chris Kreider.
12:27 of 1st period - Stopped by Thatcher Demko with a rebound.
12:29 of 1st period - Shot by Jon Merrill.
12:29 of 1st period - Stopped by Thatcher Demko without a rebound.
12:30 of 1st period - Alexandre Texier wins face-off versus Ryan Dzingel in BOSTON zone.
12:36 of 1st period - Shot by David Savard.
12:36 of 1st period - Shot Misses the Net.
12:44 of 1st period - Shot by Jesper Fast.
12:44 of 1st period - Shot Misses the Net.
13:09 of 1st period - Icing by Filip Hronek.
13:10 of 1st period - Kevin Hayes wins face-off versus Victor Olofsson in BOSTON zone.
13:25 of 1st period - Dustin Brown is hit by Filip Hronek and loses puck.
13:32 of 1st period - Shot by Chris Kreider.
13:32 of 1st period - Deflect By Dustin Brown.
13:32 of 1st period - Shot Misses the Net.
13:37 of 1st period - Minor Penalty to Chris Kreider for Holding.
13:38 of 1st period - Jesper Fast wins face-off versus Ivan Barbashev in SAN JOSE zone.
14:53 of 1st period - Shot by William Nylander.
14:53 of 1st period - Stopped by Jake Allen without a rebound.
14:54 of 1st period - William Nylander wins face-off versus Lucas Wallmark in SAN JOSE zone.
14:55 of 1st period - Shot by Miro Heiskanen.
14:55 of 1st period - Stopped by Jake Allen without a rebound.
14:56 of 1st period - William Nylander wins face-off versus Lucas Wallmark in SAN JOSE zone.
15:51 of 1st period - Shot by Andrew Mangiapane.
15:51 of 1st period - Stopped by Jake Allen without a rebound.
15:52 of 1st period - Ivan Barbashev wins face-off versus Kevin Hayes in SAN JOSE zone.
16:07 of 1st period - Shot by Filip Hronek.
16:07 of 1st period - Goal by Filip Hronek - SAN JOSE : 1 - BOSTON : 2.
16:08 of 1st period - Casey Mittelstadt wins face-off versus Paul Stastny in neutral zone.
16:14 of 1st period - Shot by Casey Mittelstadt.
16:14 of 1st period - Stopped by Jake Allen without a rebound.
16:15 of 1st period - Casey Mittelstadt wins face-off versus Jakob Silfverberg in SAN JOSE zone.
16:16 of 1st period - Shot by Andrew Mangiapane.
16:16 of 1st period - Shot Misses the Net.
16:22 of 1st period - Shot by Andrew Mangiapane.
16:22 of 1st period - Stopped by Jake Allen without a rebound.
16:23 of 1st period - Kevin Hayes wins face-off versus William Nylander in SAN JOSE zone.
16:23 of 1st period - Kevin Hayes is hit by Reilly Smith.
16:45 of 1st period - Shot by Kevin Fiala.
16:45 of 1st period - Shot Blocked by David Savard.
16:47 of 1st period - Shot by Miro Heiskanen.
16:47 of 1st period - Stopped by Jake Allen without a rebound.
16:48 of 1st period - Ryan Dzingel wins face-off versus Ivan Barbashev in SAN JOSE zone.
17:07 of 1st period - Brandon Montour is hit by Blake Comeau and loses puck.
17:20 of 1st period - Brandon Montour is hit by Blake Comeau and loses puck.
18:04 of 1st period - Shot by Kevin Fiala.
18:04 of 1st period - Goal by Kevin Fiala - SAN JOSE : 1 - BOSTON : 3.
18:05 of 1st period - Paul Stastny wins face-off versus Casey Mittelstadt in neutral zone.
18:15 of 1st period - Off-side.
18:16 of 1st period - Kevin Hayes wins face-off versus Casey Mittelstadt in neutral zone.
18:22 of 1st period - Dustin Brown is hit by Philippe Myers and loses puck.
18:27 of 1st period - Shot by Dustin Brown.
18:27 of 1st period - Stopped by Thatcher Demko without a rebound.
18:28 of 1st period - Paul Stastny wins face-off versus Kevin Fiala in BOSTON zone.
18:35 of 1st period - Shot by Paul Stastny.
18:35 of 1st period - Deflect By Jakob Silfverberg.
18:35 of 1st period - Shot Misses the Net.
18:37 of 1st period - Shot by Rickard Rakell.
18:37 of 1st period - Shot Blocked by Miro Heiskanen.
18:39 of 1st period - Shot by Rickard Rakell.
18:39 of 1st period - Goal by Rickard Rakell - SAN JOSE : 2 - BOSTON : 3.
18:40 of 1st period - Chris Kreider wins face-off versus Ivan Barbashev in neutral zone.
18:56 of 1st period - Icing by Ivan Provorov.
18:57 of 1st period - Paul Stastny wins face-off versus Ivan Barbashev in BOSTON zone.
18:57 of 1st period - Rickard Rakell is hit by Miro Heiskanen and loses puck.
19:12 of 1st period - Shot by Rickard Rakell.
19:12 of 1st period - Stopped by Thatcher Demko without a rebound.
19:13 of 1st period - Kevin Hayes wins face-off versus William Nylander in BOSTON zone.
19:32 of 1st period - Shot by Reilly Smith.
19:32 of 1st period - Goal by Reilly Smith - SAN JOSE : 2 - BOSTON : 4.
19:33 of 1st period - Casey Mittelstadt wins face-off versus Paul Stastny in neutral zone.
19:49 of 1st period - Ryan Pulock is hit by Miles Wood and loses puck.
Goals for this period are 2 for SAN JOSE vs 4 for BOSTON.
Shots for this period are 12 for SAN JOSE vs 12 for BOSTON.

2nd period


0:01 of 2nd period - William Nylander wins face-off versus Kevin Hayes in neutral zone.
0:42 of 2nd period - Shot by Kevin Fiala.
0:42 of 2nd period - Shot Misses the Net.
2:02 of 2nd period - Shot by Andrew Mangiapane.
2:02 of 2nd period - Shot Misses the Net.
2:22 of 2nd period - Shot by Ryan Dzingel.
2:22 of 2nd period - Stopped by Thatcher Demko without a rebound.
2:23 of 2nd period - Lucas Wallmark wins face-off versus William Nylander in BOSTON zone.
2:44 of 2nd period - Miro Heiskanen is hit by Ryan Carpenter.
3:19 of 2nd period - Icing by David Savard.
3:20 of 2nd period - Ivan Barbashev wins face-off versus Lucas Wallmark in SAN JOSE zone.
4:18 of 2nd period - Miles Wood is hit by Brandon Montour.
4:22 of 2nd period - Shot by Casey Mittelstadt.
4:22 of 2nd period - Stopped by Jake Allen with a rebound.
4:36 of 2nd period - Shot by Andrew Mangiapane.
4:36 of 2nd period - Shot Misses the Net.
4:38 of 2nd period - Shot by Juuso Valimaki.
4:38 of 2nd period - Shot Blocked by Brandon Montour.
5:00 of 2nd period - Icing by Cody Ceci.
5:01 of 2nd period - William Nylander wins face-off versus Kevin Hayes in SAN JOSE zone.
6:07 of 2nd period - Alec Martinez is hit by Paul Stastny and loses puck.
6:15 of 2nd period - Icing by Filip Hronek.
6:16 of 2nd period - Ivan Barbashev wins face-off versus Ryan Dzingel in BOSTON zone.
6:25 of 2nd period - Shot by Ilya Kovalchuk.
6:25 of 2nd period - Shot Misses the Net.
7:08 of 2nd period - Icing by Jon Merrill.
7:09 of 2nd period - Lucas Wallmark wins face-off versus William Nylander in SAN JOSE zone.
7:11 of 2nd period - Icing by Jon Merrill.
7:12 of 2nd period - William Nylander wins face-off versus Lucas Wallmark in SAN JOSE zone.
7:17 of 2nd period - Shot by Reilly Smith.
7:17 of 2nd period - Shot Misses the Net.
7:35 of 2nd period - Shot by Reilly Smith.
7:35 of 2nd period - Stopped by Jake Allen without a rebound.
7:36 of 2nd period - Paul Stastny wins face-off versus Casey Mittelstadt in SAN JOSE zone.
7:36 of 2nd period - Paul Stastny is hit by Miles Wood.
7:56 of 2nd period - Shot by Casey Mittelstadt.
7:56 of 2nd period - Stopped by Jake Allen with a rebound.
8:04 of 2nd period - Shot by Jakob Silfverberg.
8:04 of 2nd period - Stopped by Thatcher Demko with a rebound.
8:06 of 2nd period - Shot by Paul Stastny.
8:06 of 2nd period - Shot Misses the Net.
8:08 of 2nd period - Shot by Jakob Silfverberg.
8:08 of 2nd period - Shot Misses the Net.
8:29 of 2nd period - Ryan Dzingel is hit by Juuso Valimaki and loses puck.
8:35 of 2nd period - Philippe Myers is hit by Brandon Montour and loses puck.
8:57 of 2nd period - Shot by William Nylander.
8:57 of 2nd period - Stopped by Jake Allen without a rebound.
8:58 of 2nd period - Ivan Barbashev wins face-off versus Kevin Hayes in SAN JOSE zone.
9:29 of 2nd period - Dustin Brown is hit by Alec Martinez and loses puck.
10:08 of 2nd period - Shot by William Nylander.
10:08 of 2nd period - Shot Blocked by David Savard.
10:10 of 2nd period - Shot by Reilly Smith.
10:10 of 2nd period - Stopped by Jake Allen without a rebound.
10:11 of 2nd period - Paul Stastny wins face-off versus Alexandre Texier in SAN JOSE zone.
11:18 of 2nd period - Shot by Ryan Dzingel.
11:18 of 2nd period - Stopped by Thatcher Demko without a rebound.
11:19 of 2nd period - Casey Mittelstadt wins face-off versus Kevin Hayes in BOSTON zone.
11:48 of 2nd period - Shot by Miles Wood.
11:48 of 2nd period - Shot Blocked by Braydon Coburn.
11:50 of 2nd period - Shot by Philippe Myers.
11:50 of 2nd period - Stopped by Jake Allen without a rebound.
11:51 of 2nd period - Blake Comeau wins face-off versus Ryan Dzingel in SAN JOSE zone.
12:19 of 2nd period - Shot by Jesper Fast.
12:19 of 2nd period - Stopped by Thatcher Demko with a rebound.
13:16 of 2nd period - Shot by Miles Wood.
13:16 of 2nd period - Shot Misses the Net.
13:18 of 2nd period - Shot by Juuso Valimaki.
13:18 of 2nd period - Shot Misses the Net.
13:22 of 2nd period - Shot by Miles Wood.
13:22 of 2nd period - Shot Misses the Net.
14:20 of 2nd period - Icing by William Nylander.
14:21 of 2nd period - William Nylander wins face-off versus Kevin Hayes in BOSTON zone.
14:32 of 2nd period - Icing by Reilly Smith.
14:33 of 2nd period - William Nylander wins face-off versus Ryan Dzingel in BOSTON zone.
14:33 of 2nd period - William Nylander is hit by Brian Boyle.
14:51 of 2nd period - Shot by Jesper Fast.
14:51 of 2nd period - Shot Misses the Net.
14:53 of 2nd period - Shot by Jesper Fast.
14:53 of 2nd period - Deflect By Brian Boyle.
14:53 of 2nd period - Shot Misses the Net.
15:14 of 2nd period - Icing by Braydon Coburn.
15:15 of 2nd period - Casey Mittelstadt wins face-off versus Ryan Dzingel in SAN JOSE zone.
15:22 of 2nd period - Shot by Miles Wood.
15:22 of 2nd period - Shot Misses the Net.
15:28 of 2nd period - Shot by Andrew Mangiapane.
15:28 of 2nd period - Stopped by Jake Allen without a rebound.
15:29 of 2nd period - Casey Mittelstadt wins face-off versus Dustin Brown in SAN JOSE zone.
15:33 of 2nd period - Icing by David Savard.
15:34 of 2nd period - Kevin Hayes wins face-off versus Ivan Barbashev in SAN JOSE zone.
15:47 of 2nd period - Shot by Kevin Hayes.
15:47 of 2nd period - Stopped by Thatcher Demko with a rebound.
15:49 of 2nd period - Shot by Chris Kreider.
15:49 of 2nd period - Shot Blocked by Ivan Provorov.
16:12 of 2nd period - Icing by David Savard.
16:13 of 2nd period - Kevin Hayes wins face-off versus William Nylander in SAN JOSE zone.
16:24 of 2nd period - Shot by Kevin Hayes.
16:24 of 2nd period - Shot Misses the Net.
16:38 of 2nd period - Shot by Reilly Smith.
16:38 of 2nd period - Shot Hit the Post.
16:58 of 2nd period - Shot by Jakob Silfverberg.
16:58 of 2nd period - Stopped by Thatcher Demko without a rebound.
16:59 of 2nd period - Casey Mittelstadt wins face-off versus Ryan Dzingel in BOSTON zone.
17:01 of 2nd period - Icing by Miro Heiskanen.
17:02 of 2nd period - Casey Mittelstadt wins face-off versus Ryan Dzingel in BOSTON zone.
17:02 of 2nd period - Casey Mittelstadt is hit by Brian Boyle.
17:19 of 2nd period - Miro Heiskanen is hit by Ryan Dzingel and loses puck.
17:32 of 2nd period - Shot by Jesper Fast.
17:32 of 2nd period - Stopped by Thatcher Demko without a rebound.
17:33 of 2nd period - Ivan Barbashev wins face-off versus Dustin Brown in BOSTON zone.
17:37 of 2nd period - Blake Comeau is hit by David Savard and loses puck.
18:24 of 2nd period - Off-side.
18:25 of 2nd period - Paul Stastny wins face-off versus Reilly Smith in neutral zone.
19:23 of 2nd period - Icing by Alec Martinez.
19:24 of 2nd period - Miles Wood wins face-off versus Ryan Dzingel in BOSTON zone.
19:24 of 2nd period - Andrew Mangiapane is hit by Jesper Fast and loses puck.
19:25 of 2nd period - Minor Penalty to Jesper Fast for Cross-checking.
19:26 of 2nd period - Ivan Barbashev wins face-off versus Chris Kreider in SAN JOSE zone.
19:45 of 2nd period - Shot by Filip Hronek.
19:45 of 2nd period - Stopped by Jake Allen without a rebound.
19:46 of 2nd period - Chris Kreider wins face-off versus William Nylander in SAN JOSE zone.
Goals for this period are 0 for SAN JOSE vs 0 for BOSTON.
Shots for this period are 7 for SAN JOSE vs 8 for BOSTON.

3rd period


0:01 of 3rd period - William Nylander wins face-off versus Chris Kreider in neutral zone.
0:18 of 3rd period - Shot by Reilly Smith.
0:18 of 3rd period - Stopped by Jake Allen without a rebound.
0:19 of 3rd period - Chris Kreider wins face-off versus Ivan Barbashev in SAN JOSE zone.
0:25 of 3rd period - Icing by Ilya Kovalchuk.
0:26 of 3rd period - Chris Kreider wins face-off versus Ivan Barbashev in BOSTON zone.
0:35 of 3rd period - Shot by Ivan Barbashev.
0:35 of 3rd period - Deflect By Blake Comeau.
0:35 of 3rd period - Shot Misses the Net.
0:53 of 3rd period - Shot by Ivan Barbashev.
0:53 of 3rd period - Shot Misses the Net.
0:55 of 3rd period - Shot by Alec Martinez.
0:55 of 3rd period - Stopped by Jake Allen without a rebound.
0:56 of 3rd period - William Nylander wins face-off versus Jakob Silfverberg in SAN JOSE zone.
1:27 of 3rd period - Icing by Jon Merrill.
1:28 of 3rd period - Casey Mittelstadt wins face-off versus Ryan Dzingel in SAN JOSE zone.
1:50 of 3rd period - Icing by Braydon Coburn.
1:51 of 3rd period - Ivan Barbashev wins face-off versus Ryan Dzingel in SAN JOSE zone.
1:58 of 3rd period - Shot by Ilya Kovalchuk.
1:58 of 3rd period - Shot Misses the Net.
2:04 of 3rd period - Ivan Provorov is hit by Brian Boyle and loses puck.
2:24 of 3rd period - Ivan Provorov is hit by Brian Boyle and loses puck.
2:52 of 3rd period - Shot by Reilly Smith.
2:52 of 3rd period - Goal by Reilly Smith - SAN JOSE : 2 - BOSTON : 5.
2:53 of 3rd period - Casey Mittelstadt wins face-off versus Paul Stastny in neutral zone.
3:06 of 3rd period - Icing by Alec Martinez.
3:07 of 3rd period - Casey Mittelstadt wins face-off versus Kevin Hayes in BOSTON zone.
3:35 of 3rd period - Shot by Andrew Mangiapane.
3:35 of 3rd period - Stopped by Jake Allen without a rebound.
3:36 of 3rd period - William Nylander wins face-off versus Paul Stastny in SAN JOSE zone.
3:37 of 3rd period - Shot by Reilly Smith.
3:37 of 3rd period - Shot Misses the Net.
4:05 of 3rd period - Off-side.
4:06 of 3rd period - Kevin Hayes wins face-off versus Ivan Barbashev in neutral zone.
4:13 of 3rd period - Shot by Kevin Hayes.
4:13 of 3rd period - Shot Misses the Net.
4:15 of 3rd period - Shot by Ryan Pulock.
4:15 of 3rd period - Shot Misses the Net.
4:17 of 3rd period - Shot by Ryan Pulock.
4:17 of 3rd period - Shot Misses the Net.
4:19 of 3rd period - Shot by Dustin Brown.
4:19 of 3rd period - Shot Blocked by Philippe Myers.
4:21 of 3rd period - Shot by Kevin Hayes.
4:21 of 3rd period - Shot Misses the Net.
4:23 of 3rd period - Shot by Chris Kreider.
4:23 of 3rd period - Shot Blocked by Philippe Myers.
4:37 of 3rd period - Shot by Chris Kreider.
4:37 of 3rd period - Stopped by Thatcher Demko without a rebound.
4:38 of 3rd period - Reilly Smith wins face-off versus Paul Stastny in BOSTON zone.
4:51 of 3rd period - Shot by William Nylander.
4:51 of 3rd period - Stopped by Jake Allen without a rebound.
4:52 of 3rd period - Jesper Fast wins face-off versus Casey Mittelstadt in SAN JOSE zone.
5:34 of 3rd period - Off-side.
5:35 of 3rd period - William Nylander wins face-off versus Kevin Hayes in neutral zone.
6:14 of 3rd period - Shot by Kevin Fiala.
6:14 of 3rd period - Stopped by Jake Allen without a rebound.
6:15 of 3rd period - Paul Stastny wins face-off versus Ivan Barbashev in SAN JOSE zone.
6:15 of 3rd period - Paul Stastny is hit by Ilya Kovalchuk.
6:22 of 3rd period - Paul Stastny is hit by Philippe Myers and loses puck.
6:29 of 3rd period - Shot by Jakob Silfverberg.
6:29 of 3rd period - Deflect By Paul Stastny.
6:29 of 3rd period - Shot Misses the Net.
6:48 of 3rd period - Rickard Rakell is hit by Juuso Valimaki and loses puck.
7:29 of 3rd period - Shot by Andrew Mangiapane.
7:29 of 3rd period - Stopped by Jake Allen without a rebound.
7:30 of 3rd period - Kevin Hayes wins face-off versus William Nylander in SAN JOSE zone.
7:30 of 3rd period - Kevin Hayes is hit by William Nylander.
7:38 of 3rd period - Shot by Kevin Hayes.
7:38 of 3rd period - Stopped by Thatcher Demko with a rebound.
9:33 of 3rd period - Shot by Casey Mittelstadt.
9:33 of 3rd period - Stopped by Jake Allen with a rebound.
9:35 of 3rd period - Shot by Alec Martinez.
9:35 of 3rd period - Stopped by Jake Allen without a rebound.
9:36 of 3rd period - Ivan Barbashev wins face-off versus Ryan Dzingel in SAN JOSE zone.
10:04 of 3rd period - Blake Comeau is hit by David Savard and loses puck.
10:22 of 3rd period - Jesper Fast is hit by Miles Wood and loses puck.
10:43 of 3rd period - Shot by Andrew Mangiapane.
10:43 of 3rd period - Shot Misses the Net.
10:45 of 3rd period - Shot by Alec Martinez.
10:45 of 3rd period - Shot Misses the Net.
10:47 of 3rd period - Shot by Casey Mittelstadt.
10:47 of 3rd period - Stopped by Jake Allen without a rebound.
10:48 of 3rd period - Alexandre Texier wins face-off versus Dustin Brown in SAN JOSE zone.
10:59 of 3rd period - Shot by Chris Kreider.
10:59 of 3rd period - Deflect By Kevin Hayes.
10:59 of 3rd period - Shot Misses the Net.
11:01 of 3rd period - Shot by Kevin Hayes.
11:01 of 3rd period - Shot Blocked by Filip Hronek.
11:43 of 3rd period - Shot by Ivan Barbashev.
11:43 of 3rd period - Shot Misses the Net.
12:19 of 3rd period - Icing by Miro Heiskanen.
12:20 of 3rd period - Corey Perry wins face-off versus Ivan Barbashev in BOSTON zone.
12:34 of 3rd period - Icing by Brandon Montour.
12:35 of 3rd period - Casey Mittelstadt wins face-off versus Lucas Wallmark in SAN JOSE zone.
13:37 of 3rd period - Shot by Reilly Smith.
13:37 of 3rd period - Deflect By William Nylander.
13:37 of 3rd period - Shot Blocked by Ryan Pulock.
13:39 of 3rd period - Shot by Filip Hronek.
13:39 of 3rd period - Deflect By Reilly Smith.
13:39 of 3rd period - Shot Misses the Net.
13:53 of 3rd period - Shot by William Nylander.
13:53 of 3rd period - Stopped by Jake Allen without a rebound.
13:54 of 3rd period - Jakob Silfverberg wins face-off versus Alexandre Texier in SAN JOSE zone.
13:54 of 3rd period - Jakob Silfverberg is hit by Alexandre Texier.
14:14 of 3rd period - Shot by Reilly Smith.
14:14 of 3rd period - Shot Hit the Post.
14:24 of 3rd period - Icing by Miro Heiskanen.
14:25 of 3rd period - Kevin Hayes wins face-off versus Alexandre Texier in BOSTON zone.
14:36 of 3rd period - Shot by Dustin Brown.
14:36 of 3rd period - Shot Blocked by Miro Heiskanen.
15:04 of 3rd period - Shot by Chris Kreider.
15:04 of 3rd period - Goal by Chris Kreider - SAN JOSE : 3 - BOSTON : 5.
15:05 of 3rd period - Paul Stastny wins face-off versus Casey Mittelstadt in neutral zone.
15:09 of 3rd period - Icing by Filip Hronek.
15:10 of 3rd period - Casey Mittelstadt wins face-off versus Paul Stastny in BOSTON zone.
15:16 of 3rd period - Paul Stastny is hit by Filip Hronek and loses puck.
15:49 of 3rd period - Brandon Montour is hit by Miles Wood.
16:10 of 3rd period - Icing by Ryan Pulock.
16:11 of 3rd period - Ivan Barbashev wins face-off versus Ryan Dzingel in SAN JOSE zone.
16:15 of 3rd period - Blake Comeau is hit by Ryan Pulock and loses puck.
16:59 of 3rd period - Shot by Chris Kreider.
16:59 of 3rd period - Stopped by Thatcher Demko without a rebound.
17:00 of 3rd period - William Nylander wins face-off versus Kevin Hayes in BOSTON zone.
17:00 of 3rd period - William Nylander is hit by Chris Kreider.
17:17 of 3rd period - Kevin Fiala is hit by Jon Merrill and loses puck.
18:14 of 3rd period - Shot by Rickard Rakell.
18:14 of 3rd period - Stopped by Thatcher Demko without a rebound.
18:15 of 3rd period - Ivan Barbashev wins face-off versus Ryan Dzingel in BOSTON zone.
18:37 of 3rd period - Off-side.
18:38 of 3rd period - Lucas Wallmark wins face-off versus Casey Mittelstadt in neutral zone.
19:39 of 3rd period - Shot by Kevin Fiala.
19:39 of 3rd period - Shot Misses the Net.
19:41 of 3rd period - Shot by Ivan Provorov.
19:41 of 3rd period - Goal by Ivan Provorov - SAN JOSE : 3 - BOSTON : 6.
19:42 of 3rd period - Blake Comeau wins face-off versus Kevin Hayes in neutral zone.
19:53 of 3rd period - Shot by Ilya Kovalchuk.
19:53 of 3rd period - Deflect By Ivan Barbashev.
19:53 of 3rd period - Stopped by Jake Allen without a rebound.
19:54 of 3rd period - William Nylander wins face-off versus Paul Stastny in SAN JOSE zone.
Goals for this period are 1 for SAN JOSE vs 2 for BOSTON.
Shots for this period are 5 for SAN JOSE vs 13 for BOSTON.